 Dungeon Crawl Stone Soup version 0.20.1-1-g8b1a95d (webtiles) character file.

61 TyStr the Skirmisher (level 4, -3/37 HPs)
             Began as a Formicid Abyssal Knight on Dec 15, 2017.
             Was a Follower of Lugonu.
             Slain by a gnoll
             ... wielding a +0 dagger
              (5 damage)
             ... on level 2 of the Dungeon on Dec 16, 2017.
             The game lasted 00:07:15 (1019 turns).

TyStr the Skirmisher (Formicid Abyssal Knight)      Turns: 1019, Time: 00:07:16

Health: -3/37      AC:  3    Str: 17    XL:     4   Next: 27%
Magic:  5/5        EV: 11    Int: 12    God:    Lugonu [*.....]
Gold:   11         SH:  0    Dex: 10    Spells: 3/3 levels left

rFire    . . .     SeeInvis +   a - +1 spear
rCold    . . .     Gourm    .   (no shield)
rNeg     . . .     Faith    .   b - +0 leather armour
rPois    .         Spirit   .   (helmet unavailable)
rElec    .         Reflect  .   (no cloak)
rCorr    .         Harm     .   (no gloves)
MR       .....                  (no boots)
Stlth    +.........             (no amulet)
Regen    0.2/turn               (no ring)
MPRegen  0.1/turn               (no ring)

@: no status effects
A: permanent stasis, dig shafts and tunnels, four strong arms, antennae 3
a: Dig, Shaft Self, Depart the Abyss, Renounce Religion


You were on level 2 of the Dungeon.
You worshipped Lugonu.
Lugonu was aware of your devotion.
You were not hungry.

You visited 1 branch of the dungeon, and saw 2 of its levels.
You visited the Abyss 1 time.

You collected 11 gold pieces.

Inventory:

Hand Weapons
 a - a +1 spear (weapon)
 p - a cursed -2 dagger
Armour
 b - a +0 leather armour (worn)
Jewellery
 f - an uncursed ring of fire {unknown}
 g - a cursed ring of flight {unknown}
 m - an uncursed amulet of guardian spirit {unknown}
Wands
 q - a wand of acid (1/15)
Scrolls
 d - a scroll of magic mapping {unknown}
 e - a scroll of fear {unknown}
 i - 2 scrolls of recharging {unknown}
 l - a scroll of amnesia {unknown}
 o - 3 scrolls of identify {unknown}
Potions
 h - a potion of curing {unknown}
 j - a potion of magic {unknown}
 k - a potion of agility {unknown}
 n - a potion of mutation {unknown}
Comestibles
 c - a bread ration
 r - a royal jelly


   Skills:
 + Level 4.0 Fighting
 + Level 2.9 Polearms
 + Level 2.5 Armour
 + Level 1.3 Dodging
 + Level 2.5 Invocations


You had 3 spell levels left.
You didn't know any spells.

Dungeon Overview and Level Annotations

Branches:
Dungeon (2/15)

Altars:


Innate Abilities, Weirdness & Mutations

You cannot be hasted, slowed, berserked, paralysed or teleported.
You can dig through walls and to a lower floor.
Your four strong arms can wield two-handed weapons with a shield.
You have a pair of large antennae on your head. (SInv)


Message History

You kill the gnoll!
Lugonu accepts your kill.
Evoking this partially-identified wand wasted a few charges.
Unknown command.
A gnoll comes into view. It is wielding a dagger.
The gnoll shouts!
The gnoll barely misses you. The gnoll misses you.
The gnoll hits you but does no damage. The gnoll closely misses you.
The gnoll misses you. The gnoll hits you with a dagger!
* * * LOW HITPOINT WARNING * * *
The gnoll hits you but does no damage. The gnoll hits you with a dagger.
* * * LOW HITPOINT WARNING * * *
You hit the gnoll.
The gnoll is heavily wounded.
The gnoll hits you with a dagger.
You die...

#..................#
#..................#
#..................# .#
#................#.## #.#####
##...............#..##.......
..........................
###...(...................
#....#..#..##.#.........
#....#..##@##.#.........
#....#.###g##....<......
#....#.# #).####....#.. #..
#. ##(.##..#.## ..
#......##.# #..#(####
#.##.....(.# #.. #...{...#
...# #..(....#


You could see a gnoll.

Vanquished Creatures
  2 gnolls (D:2)
  An adder (D:2)
  2 oozes (D:1)
  3 giant cockroaches
  2 goblins (D:1)
  4 hobgoblins
  2 frilled lizards
  5 kobolds
  5 rats (D:1)
26 creatures vanquished.

Notes
Turn   | Place    | Note
-------+----------+-------------------------------------------
     0 | Abyss:1  | TyStr the Formicid Abyssal Knight began the quest for the Orb.
     0 | Abyss:1  | Reached XP level 1. HP: 18/18 MP: 2/2
    35 | Abyss:1  | Noticed an iron imp
    36 | D:1      | Escaped the Abyss
   194 | D:1      | Reached skill level 1 in Dodging
   194 | D:1      | Reached XP level 2. HP: 19/24 MP: 3/3
   394 | D:1      | Reached * piety under Lugonu
   693 | D:1      | Reached XP level 3. HP: 18/30 MP: 4/4
   985 | D:2      | Reached XP level 4. HP: 22/37 MP: 5/5
   990 | D:2      | Reached skill level 4 in Fighting
  1019 | D:2      | Slain by a gnoll

Skill      XL: |  1  2  3  4 |
---------------+-------------+-----
Dodging        | 1 |  1.3
Fighting       | 4 |  4.0
Polearms       | |  2.9
Armour         | |  2.5
Invocations    | |  2.5

Action                   |  1- 3 |  4- 6 || total
-------------------------+-------+-------++-------
Melee: Spear             |    82 |     8 ||    90
Throw: Stone             |     1 |       ||     1
Invok: Depart the Abyss  |     1 |       ||     1
Evoke: Wand              |     1 |     2 ||     3
Armor: Leather armour    |    21 |     2 ||    23
Dodge: Dodged            |    47 |     6 ||    53
